Lynn, neutral female gnomish Wizard ---- --..| |...| ---..--- ----|......| |...|.----.--- |. |...--|fG.| |.-|-...|---%..| |.||....| ...| --|.--...-- ... --.|.....-- ..h- |......-.| |.-- |<.......| .| ---..-...| | |...[...| ---.---.-.| |...| |...| |.--- ---.-- .. |...| --- --.-- --- Lynn the Conjurer Experience level: 4 Strength: 25 Dexterity: 12 Constitution: 10 Intelligence: 18 Wisdom: 11 Charisma: 12 Health: 17(17) Energy: 4(25) Def: 5 Gold: 168 Moves: 1684 Dungeon seed: DKPqfdB7SqNhiT5y Game ID: Lynn_1525252023 Your Inventory: Coins $ - 168 gold pieces Weapons a - a blessed +1 quarterstaff (alternate weapon; not wielded) x - an uncursed +0 elven dagger (weapon in hand) Armor e - an uncursed +0 cloak of magic resistance (being worn) n - an uncursed +0 pair of gauntlets of power (being worn) r - a blessed +0 pair of iron shoes (being worn) z - an uncursed +0 helmet (being worn) Comestibles q - 2 uncursed lichen corpses u - an uncursed food ration C - an uncursed tin of spinach Scrolls i - 3 uncursed scrolls of identify v - an uncursed scroll of teleportation w - an uncursed scroll of enchant weapon y - an uncursed scroll of blank paper Spellbooks f - a blessed spellbook of light g - a blessed spellbook of slow monster Potions s - an uncursed potion of restore ability B - an uncursed potion of extra healing Wands b - an uncursed wand of striking (0:7) Tools h - an uncursed blindfold k - an uncursed skeleton key l - an uncursed leash (in use) t - an uncursed mirror Spells and supernatural/magical abilities: Name Level Category Cost Memory a - force bolt 1 attack 11pw 98% m - magic missile 2 attack 12pw 98% W - pray for help -- divine ? -- Your skills at the end: Fighting Skills wands [Basic] Weapon Skills quarterstaff [Basic] Spellcasting Skills attack spells [Basic] enchantment spells [Basic] Final Attributes: You had strayed. You were magic resistant. You had infravision. You were lucky. Thoth was noncommittal. You survived. Vanquished creatures: a fog cloud a gray ooze a paper golem 2 coyotes a hobbit 2 giant rats a brown mold a red mold 5 jackals 2 foxes a kobold a goblin 2 sewer rats 3 grid bugs a bat 6 lichens 2 newts 33 creatures vanquished. Voluntary challenges: You were an atheist. You used a wielded weapon 16 times, starting on turn 276. You read items or engraved 4 times, starting on turn 1. You never genocided any monsters. You never polymorphed an object. You never changed form. You used no wishes. You never split a pudding. You never wrote Elbereth's name. You violated your moral code, losing 5 points of alignment, starting on turn 1683. You abstained from Elbereth's help. Dungeon overview: The Dungeons of Doom: levels 1 to 4 Level 1 a fountain a long staircase Level 2 an armor shop Level 3 a general store, some fountains, a vault Level 4 a vault stairs to The Gnomish Mines The Gnomish Mines: Level 5 <- You were here stairs to The Dungeons of Doom History has recorded: On T:1 you entered the Dungeons of Doom to retrieve the Amulet of Yendor! On T:321 you reached level 2 of The Dungeons of Doom. On T:910 you advanced to experience level 2. On T:951 you reached level 3 of The Dungeons of Doom. On T:994 you reached level 4 of The Dungeons of Doom. On T:1297 you advanced to experience level 3. On T:1566 you reached level 1 of The Gnomish Mines. On T:1638 you advanced to experience level 4. Score breakdown: Gold: 168 ( 7578 points) Experience: 4 levels ( 9649 points) Exploration: 5 levels ( 10.42%) ( 8751 points) Discoveries: 4 items ( 1.34%) ( 3475 points) Valuables value: (no points given unless you survive) Artifact value: 0 ( 0 points) Variety of kills: 17 monsters ( 4.47%) ( 6345 points) Turncount: 1684 turns ( 0 points) Survival: quit (score multiplied by 90%) Total score: 32218 Latest messages: You slip the leash around your housecat. You hear a distant squeak. B - a black potion. The housecat displaces the dwarf. You see here a tin. C - a tin. You displace the red naga hatchling. You displace your housecat. The magic missile bounces! The magic missile hits the gray ooze! The force bolt hits the gray ooze! The gray ooze is killed! The force bolt misses the dwarf. Your conscience bothers you... The dwarf gets angry! The dwarf zaps a hexagonal wand! The magic missile hits you! The missiles bounce off! The magic missile hits the housecat! Final status: Goodbye Lynn the Wizard, quit... You quit in The Gnomish Mines on dungeon level 5 with 32218 points, and 168 pieces of gold, after 1684 moves. You were level 4 with a maximum of 17 hit points when you quit.